 Dungeon Crawl Stone Soup version 0.31-a0-700-gf13585253f (webtiles) character file.

Game seed: 4866724481425059593

714 qw the Skirmisher (level 7, -3/43 HPs)
             Began as a Gargoyle Hunter on Sept 7, 2023.
             Slain by an orc warrior
             ... wielding a +0 trident
              (8 damage)
             ... on level 5 of the Dungeon.
             The game lasted 00:01:50 (3723 turns).

qw the Skirmisher (Gargoyle Hunter)                 Turns: 3723, Time: 00:01:51

Health: -3/43      AC: 15    Str: 14    XL:     7   Next: 69%
Magic:  7/7        EV: 11    Int: 10    God:
Gold:   162        SH:  0    Dex: 15    Spells: 6/6 levels left

rFire   . . .        Y - +0 shortbow
rCold   . . .        (shield currently unavailable)
rNeg    + . .        a - +0 ring mail
rPois   inf          l - +2 helmet
rElec   +            c - +0 cloak
rCorr   .            (no gloves)
SInv    .            m - +0 pair of boots
Will    .....        (no amulet)
Stlth   +            (no ring)
HPRegen 0.27/turn    (no ring)
MPRegen 0.10/turn

%: no passive effects
@: no status effects
A: sickness immunity, AC +4, negative energy resistance 1, electricity
resistance, torment resistance 1, petrification resistance
a: no special abilities


You were on level 5 of the Dungeon.
You visited 1 branch of the dungeon, and saw 5 of its levels.

You collected 217 gold pieces.
You spent 55 gold pieces at shops.


Innate Abilities, Weirdness & Mutations

You are immune to sickness and miasma.
Your stone body is resilient. (AC +4)
You are immune to poison.
You resist negative energy. (rN+)
You are resistant to electric shocks. (rElec)
You are resistant to unholy torment.
You are immune to petrification.


   Skills:
 + Level 4.2 Fighting
 - Level 8.2 Ranged Weapons
 - Level 2.2 Armour
 - Level 1.5 Dodging
 - Level 1.1 Stealth


You had 6 spell levels left.
You didn't know any spells.
Your spell library was empty.

Inventory:

Hand Weapons
 Y - a +0 shortbow (weapon)
Armour
 a - a +0 ring mail (worn)
 c - a +0 cloak (worn)
 l - a +2 helmet (worn)
 m - a +0 pair of boots (worn)
Scrolls
 f - a scroll of enchant armour {unknown}
 j - a scroll of amnesia {unknown}
 p - a scroll of identify
Potions
 b - a potion of might {unknown}
 d - a potion of lignification {unknown}
 e - a potion of haste
 h - a potion of enlightenment
 i - a potion of mutation {unknown}

Dungeon Overview and Level Annotations

Branches:
Dungeon (5/15)
 Temple: D:4-7

Altars:

Shops:
D:1 !


Message History

The orc warrior hits you from afar with a +0 trident. x2
You shoot an arrow.
The arrow hits the orc warrior but does no damage.
The orc warrior is lightly wounded.
The orc warrior barely misses you.
You shoot an arrow.
The arrow hits the orc warrior but does no damage.
The orc warrior is lightly wounded.
The orc warrior barely misses you.
You shoot an arrow.
The arrow hits the orc warrior but does no damage.
The orc warrior is lightly wounded.
The orc warrior hits you from afar with a +0 trident!
You shoot an arrow.
The arrow barely misses the orc warrior.
The orc warrior hits you but does no damage.
You shoot an arrow.
The arrow closely misses the orc warrior.
The orc warrior closely misses you.
You shoot an arrow.
The arrow hits the orc warrior but does no damage.
The orc warrior is lightly wounded.
The orc warrior misses you.
You shoot an arrow.
The arrow closely misses the orc warrior.
The orc warrior hits you from afar with a +0 trident!
You shoot an arrow. The arrow hits the orc warrior!
The orc warrior is heavily wounded.
The orc warrior hits you but does no damage.
You shoot an arrow.
The arrow hits the orc warrior but does no damage.
The orc warrior is heavily wounded.
The orc warrior closely misses you.
You shoot an arrow. The arrow hits the orc warrior.
The orc warrior is heavily wounded.
The orc warrior hits you but does no damage.
You shoot an arrow.
The arrow closely misses the orc warrior.
The orc warrior hits you from afar with a +0 trident!
You die...

...............##..
#..##..........##..
#..##........<.##.#
#..###..##.#....<.#
#.......##.##.##..#
#..##...##.##.##...
#.......##.##......
##..##.......##.......#.
.......@)...............
........)..........)....
........o.........<.....
.......$................
......(.................
........................
........................
.......................[
................


You could see an orc warrior.

Vanquished Creatures
  A phantom (D:5)
  2 scorpions (D:5)
  A howler monkey (D:5)
  A hound (D:5)
  A jelly (D:5)
  2 orc priests
  Jessica (D:2)
  An iguana (D:5)
  5 orc wizards
  Robin (D:2)
  3 adders (D:3)
  4 gnolls (D:3)
  2 worms
  3 dart slugs
  14 orcs
  3 ball pythons
  3 bats
  5 endoplasms
  4 giant cockroaches
  12 goblins
  8 hobgoblins
  2 jackals (D:2)
  4 quokkas
  3 frilled lizards
  9 kobolds
  6 rats
101 creatures vanquished.

Notes
Turn   | Place    | Note
-------+----------+-------------------------------------------
     0 | D:1      | qw the Gargoyle Hunter began the quest for the Orb.
     0 | D:1      | Reached XP level 1. HP: 12/12 MP: 1/1
     0 | D:1      | 0 ||| qw: Version: 0.3-a-76-g4403597
     0 | D:1      | 0 ||| qw: Game counter: 477
     0 | D:1      | 0 ||| qw: Melee chars always use a shield: true
     0 | D:1      | 0 ||| qw: God list: Okawaru
     0 | D:1      | 0 ||| qw: Allow faded altars: false
     0 | D:1      | 0 ||| qw: Do Orc after clearing Dungeon:15 true
     0 | D:1      | 0 ||| qw: Do second Lair branch before Depths: true
     0 | D:1      | 0 ||| qw: Lair rune preference: random
     0 | D:1      | 0 ||| qw: Goals: Normal
     0 | D:1      | 0 ||| PLANNING D:1-11
    97 | D:1      | Reached XP level 2. HP: 17/17 MP: 2/2
   227 | D:1      | 227 ||| DROPPING scroll of butterflies.
   378 | D:1      | Reached XP level 3. HP: 21/21 MP: 3/3
   402 | D:1      | Reached skill level 5 in Ranged Weapons
   418 | D:1      | Found Lokkoth's Distillery.
   434 | D:1      | 434 ||| SHOPLISTING 2 potions of enlightenment (110 gold,
                  | have 61).
   434 | D:1      | 434 ||| SHOPLISTING potion of cancellation (88 gold, have
                  | 61).
   434 | D:1      | 434 ||| BUYING potion of enlightenment (55 gold).
   434 | D:1      | Bought a potion of enlightenment for 55 gold pieces
   434 | D:1      | 434 ||| SHOPLISTING potion of mutation (88 gold, have 6).
   772 | D:1      | 772 ||| READING scroll labelled XAXZEW CIERGH.
   773 | D:1      | 773 ||| DRINKING 2 brown potions.
   774 | D:1      | 774 ||| DROPPING potion of brilliance.
  1185 | D:2      | Reached skill level 3 in Fighting
  1286 | D:2      | Noticed Robin
  1295 | D:2      | Killed Robin
  1296 | D:2      | Reached XP level 4. HP: 28/28 MP: 4/4
  1411 | D:2      | Noticed Jessica
  1419 | D:2      | Killed Jessica
  1493 | D:2      | 1493 ||| UPGRADING to +0 ring mail.
  1503 | D:2      | 1503 ||| DROPPING +0 leather armour.
  1504 | D:2      | 1504 ||| UPGRADING to +0 helmet.
  1509 | D:2      | 1509 ||| DRINKING 2 fuming grey potions.
  1586 | D:3      | Found a faded altar of an unknown god.
  1746 | D:3      | Reached skill level 1 in Armour
  1746 | D:3      | Reached XP level 5. HP: 29/32 MP: 5/5
  1916 | D:3      | Reached skill level 6 in Ranged Weapons
  2241 | D:3      | 2241 ||| UPGRADING to +0 cloak.
  2246 | D:3      | 2246 ||| READING scroll labelled XASCHA DUYHI.
  2539 | D:4      | Reached XP level 6. HP: 38/38 MP: 6/6
  3087 | D:4      | 3087 ||| UPGRADING to +2 helmet.
  3097 | D:4      | 3097 ||| DROPPING +0 helmet.
  3098 | D:4      | 3098 ||| UPGRADING to +0 pair of boots.
  3103 | D:4      | 3103 ||| READING scroll labelled DOAGGO WEOKK.
  3104 | D:4      | 3104 ||| READING scroll labelled SEOVUAMALUI.
  3105 | D:4      | 3105 ||| READING scroll labelled WESUUM GUCUMN.
  3108 | D:4      | 3108 ||| DRINKING 2 fuming orange potions.
  3109 | D:4      | 3109 ||| DRINKING 3 smoky green potions.
  3110 | D:4      | 3110 ||| DROPPING 2 potions of invisibility.
  3144 | D:5      | Entered Level 5 of the Dungeon
  3150 | D:5      | 3150 ||| STAIRDANCE
  3157 | D:5      | 3157 ||| STAIRDANCE
  3194 | D:5      | 3194 ||| STAIRDANCE
  3258 | D:5      | 3258 ||| STAIRDANCE
  3260 | D:5      | 3260 ||| STAIRDANCE
  3316 | D:5      | 3316 ||| STAIRDANCE
  3325 | D:4      | 3325 ||| Stepping randomly (disturbance).
  3326 | D:4      | 3326 ||| Stepping randomly (disturbance).
  3327 | D:4      | 3327 ||| Stepping randomly (disturbance).
  3459 | D:5      | Reached skill level 7 in Ranged Weapons
  3459 | D:5      | Reached XP level 7. HP: 32/43 MP: 7/7
  3654 | D:5      | Reached skill level 8 in Ranged Weapons
  3707 | D:5      | HP: 9/43 [orc warrior/+0 trident (6)]
  3708 | D:5      | 3708 ||| DRINKING potion of heal wounds.
  3719 | D:5      | HP: 3/43 [orc warrior/+0 trident (11)]
  3723 | D:5      | Slain by an orc warrior

Levels and vault maps discovered:
D:1:      dpeg_arrival_round_c, layout_loops_ring, serial_shops, shop,
          nrook_campfire, serial_bayou_ford_a
D:2:      layout_loops_cross, uniq_jessica, uniq_robin
D:3:      layout_loops_ring, hellmonk_ecumenical_altar_arch_garden
D:4:      nicolae_BIG_FREAKIN_CUBE, layout_basic
D:5:      layout_basic, nzn_wu_jian_contemplation, serial_shops, shop

Skill      XL: |  1  2  3  4  5  6  7 |
---------------+----------------------+-----
Ranged Weapons | 5 6 7 8 |  8.2
Fighting       | 3 4 |  4.2
Armour         | 1 2 |  2.2
Dodging        | |  1.5
Stealth        | |  1.1

Action                     |  1- 3 |  4- 6 |  7- 9 || total
---------------------------+-------+-------+-------++-------
   Fire: Shortbow          |   150 |   250 |   103 ||   503
    Use: Potion            |     1 |     3 |     1 ||     5
         Scroll            |     1 |     4 |       ||     5
 Armour: Leather armour    |    43 |     5 |       ||    48
         Ring mail         |       |   157 |    60 ||   217
  Dodge: Dodged            |    41 |   105 |    37 ||   183

Table legend:
 A = Non-vault XP
 B = Vault XP
 C = Vault XP percentage of total XP
 D = Non-vault monster count
 E = Vault monster count
 F = Vault count percentage of total count
                 A         B        C        D         E       F
            +---------+---------+-------+---------+---------+-------
      Total |     947 |      73 |   7.2 |      88 |      13 |  12.9
            +---------+---------+-------+---------+---------+-------
        D:1 |      45 |       0 |   0.0 |      26 |       0 |   0.0
        D:2 |      27 |      73 |  73.0 |      13 |      13 |  50.0
        D:3 |     145 |       0 |   0.0 |      14 |       0 |   0.0
        D:4 |     196 |       0 |   0.0 |      23 |       0 |   0.0
        D:5 |     534 |       0 |   0.0 |      12 |       0 |   0.0
            +---------+---------+-------+---------+---------+-------
